Map: NeoHumanity LE

Players

Neuro - Winner!

  • Race: Zerg Zerg
  • League: Grandmaster
  • Spawn Location: 5:00

atzin

  • Race: Terran Terran
  • League: Master
  • Spawn Location: 11:00

VOD

Have the link to the VOD?

Description

Time

  • Played on: Jan. 25, 2023, 5:36 p.m.
  • Length: 9:16
Show
View Real Time Build Order
Export as new Build Order

Neuro Zerg - Winner!

Build Orders: Hatch First 

Get SALT Encoding   

  12  0:00  Drone  
  13  0:12  Overlord  
  13  0:16  Drone  
  14  0:30  Drone x2  
  16  0:49  Hatchery  
  15  0:51  Drone  
  15  0:54  Drone  
  17  0:58  Drone  
  18  1:08  Extractor  
  17  1:13  Spawning Pool  
  17  1:16  Drone  
  17  1:20  Drone  
  18  1:29  Drone  
  19  1:38  Drone  
  20  1:53  Drone  
  21  2:03  Queen  
  21  2:04  Queen, Zergling x2  
  21  2:05  Zergling x2  
  27  2:13  Drone  
  28  2:19  Hatchery  
  28  2:22  Overlord  
  27  2:32  Overlord  
  27  2:33  Drone  
  27  2:34  Metabolic Boost  
  28  2:47  Drone x2  
  28  2:48  Drone x2  
  32  2:51  Queen  
  34  3:00  Drone x2  
  34  3:04  Overlord  
  36  3:14  Overlord  
  36  3:17  Drone x4  
  36  3:19  Queen  
  40  3:25  Overlord  
  40  3:26  Drone  
  43  3:31  Drone  
  43  3:32  Queen  
  46  3:42  Drone x3  
  49  3:48  Queen  
  49  3:51  Drone x4  
  55  3:57  Drone x3  
  55  3:59  Queen  
  60  4:14  Lair  
  60  4:16  Extractor, Zergling x4  
  60  4:17  Zergling x8  
  65  4:22  Overlord x3  
  65  4:37  Baneling Nest  
  64  4:39  Overlord  
  64  4:40  Zergling x4  
  64  4:41  Zergling x12  
  64  4:43  Drone x2  
  74  4:46  Queen  
  76  4:55  Overlord, Drone  
  76  4:56  Drone x3  
  80  5:00  Drone  
  80  5:01  Drone x3  
  80  5:04  Drone  
  80  5:05  Drone x2  
  87  5:11  Drone x2  
  88  5:18  Spore Crawler x2  
  88  5:19  Drone x5  
  88  5:21  Centrifugal Hooks  
  91  5:28  Drone x5  
  96  5:33  Spore Crawler  
  95  5:38  Zergling x10  
  99  5:54  Overlord x2  
  99  5:58  Evolution Chamber  
  99  5:59  Hatchery, Evolution Chamber  
  96  6:05  Hatchery  
  96  6:10  Overlord x2  
  95  6:12  Extractor, Drone x11  
  95  6:13  Extractor  
  95  6:15  Overseer  
  104  6:25  Drone x5  
  109  6:28  Zerg Melee Weapons Level 1, Zerg Ground Armor Level 1  
  109  6:31  Hydralisk Den  
  108  6:35  Drone x3  
  108  6:37  Extractor  
  104  6:49  Overlord x2  
  104  6:50  Drone  
  104  6:51  Drone x4  
  109  6:56  Extractor  
  108  7:01  Zergling x2  
  108  7:02  Zergling x14  
  108  7:04  Grooved Spines  
  108  7:06  Hydralisk  
  118  7:10  Queen  
  118  7:14  Hydralisk  
  118  7:15  Hydralisk x2  
  126  7:17  Spore Crawler  
  126  7:21  Baneling x4, Hydralisk x3  
  131  7:32  Zergling x24  
  131  7:34  Overseer  
  131  7:36  Hydralisk x2  
  147  7:46  Hydralisk x3  
  147  7:49  Zergling x8  
  156  7:54  Baneling x5  
  146  8:01  Overseer  
  146  8:04  Zergling x8  
  146  8:05  Zergling x8  
  148  8:12  Zergling x12  
  138  8:13  Zergling x2  
  135  8:22  Zergling x8  
  135  8:24  Hatchery  
  127  8:42  Zergling x18  
  127  8:45  Overseer  
  128  8:51  Drone x3  
  128  8:52  Infestation Pit  
Show
View Real Time Build Order
Export as new Build Order

atzin Terran 

Build Orders: Reaper Expand, Mech 

Get SALT Encoding   

  12  0:00  SCV  
  13  0:12  SCV  
  14  0:16  Supply Depot  
  14  0:24  SCV  
  15  0:38  SCV  
  15  0:39  Barracks  
  16  0:43  Refinery  
  16  0:50  SCV  
  17  1:03  SCV  
  18  1:15  SCV  
  19  1:27  Orbital Command  
  19  1:35  Reaper  
  19  1:38  Command Center  
  20  1:53  SCV  
  21  1:57  Supply Depot  
  21  2:05  SCV  
  22  2:13  Factory  
  22  2:17  Marine  
  22  2:19  SCV  
  24  2:23  Barracks  
  24  2:31  SCV  
  24  2:32  Refinery  
  24  2:34  Marine  
  26  2:43  SCV  
  27  2:51  Orbital Command  
  27  2:52  Marine  
  27  2:55  SCV  
  27  2:57  Factory Tech Lab  
  29  3:07  SCV  
  29  3:10  Marine  
  31  3:15  Barracks Tech Lab  
  31  3:16  Siege Tank  
  31  3:17  SCV  
  31  3:19  SCV  
  36  3:29  SCV  
  36  3:31  SCV, Refinery  
  39  3:35  Marine, Stimpack  
  39  3:40  Supply Depot  
  39  3:41  SCV  
  39  3:43  SCV, Barracks Reactor  
  40  3:53  SCV  
  41  3:56  SCV  
  41  3:59  Marine  
  41  4:01  Starport  
  43  4:05  SCV, Supply Depot  
  43  4:08  SCV  
  45  4:17  Marine  
  45  4:18  SCV  
  45  4:19  Marine x2  
  45  4:20  SCV  
  50  4:25  Command Center  
  50  4:30  SCV, Supply Depot  
  51  4:32  SCV  
  51  4:37  Medivac  
  54  4:42  Engineering Bay, SCV  
  54  4:44  Engineering Bay  
  54  4:45  SCV  
  56  4:53  Supply Depot  
  56  4:54  SCV  
  56  4:55  Factory  
  56  4:57  SCV  
  58  5:06  SCV  
  59  5:08  Refinery  
  59  5:09  SCV  
  60  5:18  SCV  
  60  5:20  Barracks, Supply Depot  
  60  5:21  Barracks, SCV  
  61  5:22  Combat Shield  
  61  5:23  Marine x2, Widow Mine  
  61  5:28  Marine  
  67  5:30  SCV  
  67  5:32  Medivac  
  67  5:34  SCV  
  71  5:39  Orbital Command  
  71  5:40  Marine  
  71  5:42  Factory Reactor, SCV  
  73  5:44  Widow Mine  
  73  5:46  SCV  
  73  5:49  Supply Depot  
  76  5:53  Marine  
  76  5:54  SCV  
  78  5:57  Marine  
  78  5:58  Marine  
  78  6:00  Orbital Command  
  80  6:06  Widow Mine  
  80  6:07  SCV  
  80  6:11  Marine x2  
  83  6:13  Barracks Reactor  
  83  6:15  Marine  
  83  6:16  Armory  
  86  6:20  Supply Depot  
  86  6:23  Widow Mine, SCV  
  86  6:25  SCV  
  90  6:27  Widow Mine, SCV  
  90  6:28  Marine, Widow Mine  
  90  6:29  Marine  
  90  6:30  Barracks Reactor  
  97  6:33  Marine  
  97  6:35  SCV  
  97  6:37  Terran Infantry Armor Level 1, Terran Infantry Weapons Level 1, SCV  
  97  6:39  SCV  
  101  6:44  Widow Mine  
  101  6:46  Marine x2  
  105  6:47  SCV, Supply Depot  
  105  6:49  Widow Mine x2  
  105  6:50  Supply Depot  
  105  6:51  Marine  
  105  6:53  Marine x2, SCV  
  114  6:55  SCV  
  115  7:03  Marine, Command Center  
  115  7:04  Marine  
  117  7:09  Marine, Widow Mine, SCV  
  117  7:10  Widow Mine  
  117  7:11  Marine, Widow Mine  
  117  7:12  Sensor Tower  
  117  7:13  Supply Depot  
  117  7:15  Marine  
  127  7:16  Supply Depot  
  127  7:17  Medivac  
  127  7:21  Marine x3  
  132  7:23  Marine  
  133  7:33  Drilling Claws  
  133  7:34  Marine x3  
  133  7:35  Barracks, Widow Mine  
  133  7:36  Barracks  
  138  7:39  Factory  
  138  7:42  Marine  
  138  7:43  Marine  
  140  7:44  Widow Mine  
  134  7:55  Marine, Widow Mine  
  134  7:56  Widow Mine  
  120  7:58  Marine  
  107  8:06  Widow Mine  
  107  8:09  Orbital Command, Medivac  
  107  8:11  Marine  
  104  8:14  Marine  
  104  8:16  Widow Mine  
  104  8:19  Marine, Widow Mine  
  84  8:20  Marine x2  
  84  8:21  Marine  
  84  8:25  Widow Mine  
  81  8:29  Widow Mine  
  81  8:33  Marine  
  82  8:37  Marine, Widow Mine  
  82  8:41  Widow Mine  
  84  8:42  Marine  
  84  8:43  Marine, SCV  
  84  8:46  Marine  
  84  8:47  Marine x2, Command Center  
  85  8:50  Barracks Reactor x2  
  85  8:51  Marine, Factory Reactor  
  85  8:52  Widow Mine  
  85  8:55  Marine  
Tags
 
Add a new tag
Caveats
  • Supply blocks, unpowered buildings, or Contaminate may cause inaccurate times.
  • Supply counts are checked every 10 seconds.